 Dungeon Crawl Stone Soup version 0.30-a0-571-gdf30a72648 (webtiles) character file.

Game seed: 13376163443698796386

218260 demibob the Phalangite (level 19, -4/163 HPs)
             Began as a Merfolk Gladiator on Dec 29, 2022.
             Was the Champion of the Shining One.
             Killed from afar by an ironbound thunderhulk (65 damage)
             ... with a bolt of lightning
             ... on level 2 of the Vaults.
             The game lasted 01:06:50 (34177 turns).

demibob the Phalangite (Merfolk Gladiator)         Turns: 34177, Time: 01:06:50

Health: -4/163     AC: 22    Str: 15    XL:     19   Next: 11%
Magic:  30/30      EV: 20    Int:  9    God:    the Shining One [******]
Gold:   263        SH: 12    Dex: 26    Spells: 18/18 levels left

rFire   + + +      SeeInvis .    a - +7 bardiche (holy)
rCold   . . .      Faith    +    (shield currently unavailable)
rNeg    + + +      Spirit   .    M - +1 fire dragon scales
rPois   .          Reflect  .    H - +2 helmet
rElec   .          Harm     .    d - scarf {rC+ rF+}
rCorr   .          Rampage  .    E - +2 pair of gloves
Will    +....                    I - +1 pair of boots Stlth
                                 G - amulet of faith {!P}
HPRegen 0.47/turn                Y - +4 ring of slaying
MPRegen 0.22/turn                w - ring "Nabyuh" {Int+2 Dex+3 Slay+4}

@: divinely shielded, glowing, studying Necromancy
A: (nimble swimmer 2), mertail
}: 1/15 runes: barnacled
a: Renounce Religion, Divine Shield, Cleansing Flame, Summon Divine Warrior


You were on level 2 of the Vaults.
You worshipped the Shining One.
The Shining One was exalted by your worship.
You visited 6 branches of the dungeon, and saw 29 of its levels.
You visited 1 bazaar.
You also visited: Sewer, Bailey and Gauntlet.

You collected 3690 gold pieces.
You spent 3427 gold pieces at shops.


Innate Abilities, Weirdness & Mutations

((You are very nimble when in or above water. (Stealth+, EV+, Speed+++)))
Your lower body shifts to a powerful aquatic tail in water.


   Skills:
 - Level 18.0 Fighting
 - Level 24.0 Polearms
 - Level 2.0 Throwing
 * Level 12.0 Armour
 - Level 15.2 Dodging
 - Level 15.6 Invocations


You had 18 spell levels left.
You didn't know any spells.
Your spell library contained the following spells:

 Spells                   Type           Power      Damage    Failure   Level
 Apportation              Tloc           0%         N/A       82%         1
 Magic Dart               Conj           0%         1d3       82%         1
 Necrotise                Necr           0%         1d4       82%         1
 Sting                    Tmut/Pois      0%         1d3       82%         1
 Summon Small Mammal      Summ           0%         N/A       82%         1
 Blink                    Tloc           0%         N/A       91%         2
 Momentum Strike          Conj/Tloc      0%         3d8       91%         2
 Poisonous Vapours        Pois/Air       0%         N/A       91%         2
 Searing Ray              Conj           0%         2d4       91%         2
 Static Discharge         Conj/Air       0%         2-2/arc   91%         2
 Call Canine Familiar     Summ           0%         N/A       99%         3
 Dazzling Flash           Conj/Hex       0%         N/A       99%         3
 Gell's Gravitas          Tloc           0%         N/A       99%         3
 Hailstorm                Conj/Ice       0%         3d3       99%         3
 Ignite Poison            Fire/Tmut/Pois 0%         N/A       99%         3
 Kindle Blastsparks       Fire/Tloc/Air  0%         2d10      99%         3
 Lesser Beckoning         Tloc           0%         N/A       99%         3
 Portal Projectile        Hex/Tloc       0%         N/A       99%         3
 Stone Arrow              Conj/Erth      0%         3d7       99%         3
 Teleport Other           Tloc           0%         N/A       99%         3
 Vhi's Electric Charge    Tloc/Air       0%         N/A       99%         3
 Animate Armour           Summ/Erth      0%         N/A       100%        4
 Fulminant Prism          Conj/Hex       0%         3d5       100%        4
 Ice Form                 Ice/Tmut       0%         N/A       100%        4
 Iskenderun's Mystic Bla  Conj/Tloc      0%         2d3       100%        4
 Leda's Liquefaction      Hex/Erth       0%         N/A       100%        4
 Manifold Assault         Tloc           0%         N/A       100%        4
 Olgreb's Toxic Radiance  Pois           0%         N/A       100%        4
 Sticky Flame             Conj/Fire      0%         2d3       100%        4
 Summon Lightning Spire   Summ/Air       0%         N/A       100%        4
 Agony                    Necr           0%         N/A       100%        5
 Arcjolt                  Conj/Air       0%         1d10      100%        5
 Fireball                 Conj/Fire      0%         3d3       100%        5
 Freezing Cloud           Conj/Ice/Air   0%         6-21      100%        5
 Iskenderun's Battlesphe  Conj           0%         2d6       100%        5
 Lightning Bolt           Conj/Air       0%         1d11      100%        5
 Silence                  Hex/Air        0%         N/A       100%        5
 Summon Forest            Summ/Tloc      0%         N/A       100%        5
 Conjure Ball Lightning   Conj/Air       0%         3x3d7     100%        6
 Dispersal                Tloc           0%         N/A       100%        6
 Simulacrum               Ice/Necr       0%         N/A       100%        6
 Starburst                Conj/Fire      0%         6d3       100%        6
 Orb of Destruction       Conj           0%         9d5       100%        7
 Storm Form               Tmut/Air       0%         N/A       100%        7
 Disjunction              Tloc           0%         N/A       100%        8
 Ignition                 Fire           0%         3d3       100%        8
 Lehudib's Crystal Spear  Conj/Erth      0%         10d2      100%        8
 Maxwell's Capacitive Co  Air            0%         ∞         100%        8

Inventory:

Hand Weapons
 a - a +7 bardiche of holy wrath (weapon)
 b - the +12 glaive of Prune {freeze}
   (You found it on level 14 of the Dungeon)

   It freezes those it strikes, dealing additional cold damage.
   It can also slow down cold-blooded creatures.
   It halves damage taken while paralysed, petrified or unconscious.
Missiles
 e - 7 silver javelins
 y - 11 throwing nets (quivered) {=f}
 z - 16 curare-tipped darts {=f}
Armour
 d - a scarf of resistance (worn)
 E - a +2 pair of gloves (worn)
 H - a +2 helmet (worn)
 I - a +1 pair of boots (worn)
 M - +1 fire dragon scales (worn)
Jewellery
 c - a ring of protection from cold
 f - an amulet of magic regeneration
 w - the ring "Nabyuh" (right hand) {Int+2 Dex+3 Slay+4}
   (You found it on level 5 of the Dungeon)

   [ring of slaying]

   Int:       It affects your intelligence (+2).
   Dex:       It affects your dexterity (+3).
   Slay:      It affects your accuracy & damage with ranged weapons and melee
   (+4).
 A - the necklace of Bloodlust {*Rage Will++ Int-3 Slay+6}
   (You found it on level 8 of the Dungeon)

   [amulet of nothing]

   It extends the wearer's berserk rage when killing foes.
   Int:       It affects your intelligence (-3).
   Slay:      It affects your accuracy & damage with ranged weapons and melee
   (+6).
   *Rage:     It berserks you when you make melee attacks (+50% chance).
   Will:      It greatly increases your willpower.
 G - an amulet of faith (around neck) {!P}
 L - a ring of flight
 P - a ring of poison resistance
 W - a ring of willpower
 Y - a +4 ring of slaying (left hand)
 Z - an amulet of reflection
Wands
 m - a wand of flame (66)
 n - a wand of paralysis (14)
 p - a wand of iceblast (12)
 v - a wand of polymorph (6)
 C - a wand of quicksilver (4)
Scrolls
 o - 2 scrolls of brand weapon
 q - 6 scrolls of immolation
 D - a scroll of silence {!r}
 F - 2 scrolls of magic mapping
 J - 21 scrolls of identify {@r1}
 N - 3 scrolls of fog
 Q - a scroll of summoning
 R - 3 scrolls of fear
 S - 9 scrolls of teleportation {@r2}
 U - 5 scrolls of poison
Potions
 g - a potion of ambrosia
 h - 5 potions of brilliance
 k - 5 potions of magic
 l - 2 potions of resistance
 r - 5 potions of flight
 s - 3 potions of cancellation
 t - 3 potions of might
 u - 4 potions of haste {@q3}
 x - 4 potions of mutation
 V - 5 potions of curing {@q1}

Dungeon Overview and Level Annotations

Branches:
Dungeon (15/15)            Temple (1/1) D:7            Lair (5/5) D:11
 Shoals (4/4) Lair:3       Spider (0/4) Lair:3        Slime (0/5) Lair:5
    Orc (2/2) D:9             Elf (0/3) Orc:2        Vaults (2/5) D:13
 Depths (0/4) D:15          Sewer (visited)          Bailey (visited)
Gauntlet (visited)
  Crypt: Vaults:2-3

Altars:
Ashenzari
Cheibriados
Dithmenos
Elyvilon
Fedhas
Gozag
Hepliaklqana
Kikubaaqudgha
Makhleb
Nemelex Xobeh
Okawaru
Qazlal
Ru
Sif Muna
Trog
Uskayaw
Vehumet
Wu Jian
Xom
Yredelemnul
Zin
The Shining One
Jiyva

Shops:
D:5 ?   D:9 [   Orc:2 :[!!   Shoals:1 !=   Shoals:3 :   Vaults:1 [

Portals:
Trove: D:11 (give plate armour of the Lotus Blossom)

Annotations:
D:4 2 runed translucent doors, olddryhag's ghost, novice OpTm

▒.............▒
▒..)..........▒ ***
▒.............▒ ,,*
▒.............▒ ,**
▒.............▒ ** *****
▒..O....c.....▒ *** **,,,**
▒pp...........▒ *,* **,,,,,**
▒.▒▒▒▒▒''▒▒▒▒▒▒
*,***,,*+*,,** ▒@▒ ▒...cA.c.▒
,,**,,**,**,,**▒)▒##.##.....▒
,,+,,**,,,**,,*▒pp#$H$#.....▒
*,*,,*,,,,,*,,*▒▒.p.∩$.O....▒
***,,**,,,**,,* ▒▒#.)$#.....▒
**,,**,**,,** ##.##.....▒
**,,***,,** ▒........▒
**,,,,,** ▒▒▒▒▒*▒▒▒* **,,,**


You could see a vault warden, an ironbound thunderhulk (very poisoned, ally
target), an ironbound convoker (chanting recall), a necromancer, a friendly
vault sentinel (summoned) and a friendly ironbound convoker (summoned).


Message History

The bolt of lightning misses you.
Your Armour skill increases to level 12!
You slice the wizard!!
The wizard is severely wounded.
The wizard hits you but does no damage.
A vault warden comes into view. It is wielding a +0 long sword.
You slice the wizard!!
You kill the wizard!
The Shining One accepts your kill.
You feel better.
The Shining One blesses your vault sentinel with more time in this world.
Electricity crackles from the ironbound thunderhulk's apparatus.
The bolt of lightning hits you!
* * * LOW HITPOINT WARNING * * *
A necromancer comes into view. It is wielding a +0 dagger.
You hit the great orb of eyes but do no damage.
You completely miss the great orb of eyes.
The great orb of eyes bites you but does no damage.
You slice the great orb of eyes!!
The great orb of eyes is moderately wounded.
You block the great orb of eyes's attack.
You cut the great orb of eyes into ribbons!!!
The great orb of eyes is almost dead.
You hit the great orb of eyes.
You kill the great orb of eyes!
Your ironbound convoker barely misses the ironbound thunderhulk.
The ironbound convoker begins to recite a word of recall!
Electricity crackles from the ironbound thunderhulk's apparatus.
The bolt of lightning hits you!!!
You die...

Skill      XL: |  1  2  3  4  5  6  7  8  9 10 11 12 13 14 15 16 17 18 19 |
---------------+----------------------------------------------------------+-----
Polearms       | 5 6 7 8 10 11 13 14 15 18 22 24 | 24.0
Dodging        | 5 8 12 15 | 15.2
Fighting       | 4 11 14 16 18 | 18.0
Invocations    | 6 11 14 15 | 15.6
Armour         | 4 7 11 12 | 12.0
Throwing       | |  2.0

Action                   |  1- 3 |  4- 6 |  7- 9 | 10-12 | 13-15 | 16-18 | 19-21 || total
-------------------------+-------+-------+-------+-------+-------+-------+-------++-------
Melee: Trident           |   111 |   158 |   307 |   282 |       |       |       ||   858
       Tailslap          |       |     6 |       |     4 |     1 |    39 |       ||    50
       Punch             |       |     2 |     7 |     7 |       |       |       ||    16
       Glaive            |       |       |       |    95 |       |   333 |       ||   428
       Bardiche          |       |       |       |    80 |  1100 |   835 |    40 ||  2055
Invok: Summon Divine War |       |       |       |       |     1 |     6 |       ||     7
       Brand Weapon With |       |       |       |       |     1 |       |       ||     1
       Divine Shield     |       |       |       |       |       |     4 |     1 ||     5
Evoke: Wand              |       |     4 |       |     8 |    14 |     6 |       ||    32
  Use: Scroll            |     2 |     2 |    16 |    10 |     9 |     7 |     2 ||    48
       Potion            |       |       |     5 |     3 |     1 |     9 |     4 ||    22
 Stab: Sleeping          |     3 |     3 |    10 |       |       |       |       ||    16
       Distracted        |       |       |     2 |       |       |       |       ||     2
Armor: Leather armour    |    25 |    13 |    35 |    11 |       |       |       ||    84
       Steam dragon scal |       |       |       |    29 |   115 |       |       ||   144
       Acid dragon scale |       |       |       |       |    61 |    50 |       ||   111
       Fire dragon scale |       |       |       |       |       |   116 |    24 ||   140
Dodge: Dodged            |    58 |    54 |   179 |   367 |   955 |   754 |    43 ||  2410
Block: Other             |       |       |       |       |       |     7 |     3 ||    10

Levels and vault maps discovered:
D:1:      nzn_arrival_settlement, layout_rooms
D:2:      layout_loops_corners
D:3:      layout_basic, gup_sewer_entry_pipe, uniq_grinder
D:4:      layout_gridville, ebering_ghost_disaster_area
D:5:      layout_gridville, serial_shops, nicolae_shop_hallway_stairs,
          minmay_misc_feat_columns
D:6:      cheibrodos_thug_alley, layout_basic, pdpol_wu_jian_five_deadly_venoms
D:7:      cheibrodos_grave_circle, layout_basic,
          mainiacjoe_overflow_tiny_flanked, minmay_temple_entry_butterflies,
          minivault_5
D:8:      layout_loops_ring, nicolae_overflow_hidden_temple,
          chequers_temple_overflow_minitemple
D:9:      layout_roguey, lemuel_round_altar, orc_david_3, enter_bailey_5,
          minivault_19, patterned_corridor
D:10:     layout_basic, kennysheep_pointless_box, uniq_urug
D:11:     layout_rooms, erik_lair_dragon, nicolae_trove_entry_crystal
D:12:     layout_layer_cave, sword_in_stone
D:13:     layout_roguey, david_vaults_4, uniq_nessos, uniq_sonja
D:14:     dragon1_lemuel, layout_layer_cave, nicolae_dithmenos_shadow_blocks,
          gauntlet_entry_generic, minmay_guarded_unrand_prune, uniq_snorg,
          uniq_josephine
D:15:     gammafunk_enter_depths_forms, layout_loops_corners, serial_aquarium,
          aquarium_bridge_square [aquarium_subvault_wall,
          aquarium_subvault_window, aquarium_subvault_bridge,
          aquarium_subvault_bridge], aquarium_window_1,
          aquarium_window_corridor_2, aquarium_window_2, aquarium_view_2d,
          aquarium_view_2e, aquarium_pool_1, small_statue_intersection
Temple:   dshaligram_water_room_temple
Lair:1:   layout_concentric_octagons
Lair:2:   layout_roguey, grunt_megastairs_4
Lair:3:   layout_loops_ring, minmay_shoals_entry_centaurs,
          hellmonk_spider_entry_life_and_decay, lemuel_fruit_tree,
          lemuel_fruit_fields
Lair:4:   layout_gridlike, lemuel_fruit_fields
Lair:5:   minmay_lair_end_enchanted_forest, layout_small_grid, slime_entry_1,
          cheibrodos_lair_lostbears
Shoals:1: layout_shoals, serial_shops, nicolae_lakefront_shop,
          minmay_shop_enchanted_jewellery
Shoals:2: layout_shoals
Shoals:3: layout_shoals, serial_shops, nicolae_shop_hallway_plus,
          nicolae_shoals_mertower, uniq_polyphemus
Shoals:4: shoals_end_grunt_ice, layout_shoals, lightli_airlock
Orc:1:    layout_caves
Orc:2:    st_orc_ogre_mass, layout_diamond_mine, uniq_maurice
Vaults:1: ontoclasm_vaults_ring_small, v_rooms_6,
          nicolae_vaults_ring_of_whatevers, nicolae_vaults_little_squares_2,
          hangedman_vaults_slice, nicolae_vaults_little_squares_4,
          nicolae_vaults_diagonal_hallway_8, layout_vaults_chaotic_city,
          serial_shops, shop_statue, uniq_aizul
Vaults:2: hangedman_vaults_impose, vaults_mumra_chevron_long,
          ontoclasm_vaults_shuriken, v_misc_29, v_misc_9, v_misc_14,
          ontoclasm_vaults_ring_square, nicolae_vaults_yaktaur_gun_rack,
          ontoclasm_vaults_tryst, ontoclasm_vaults_shout, v_alt_pattern_4,
          ontoclasm_vaults_twist, nicolae_vaults_asterisk,
          hangedman_vaults_cutoff, layout_vaults_ring, serial_shops,
          bzr_entry_gold

Notes
Turn   | Place    | Note
-------+----------+-------------------------------------------
     0 | D:1      | demibob the Merfolk Gladiator began the quest for the Orb.
     0 | D:1      | Reached XP level 1. HP: 16/16 MP: 1/1
   128 | D:1      | Reached XP level 2. HP: 19/22 MP: 2/2
   222 | D:1      | Reached skill level 5 in Polearms
   730 | D:2      | Reached XP level 3. HP: 27/27 MP: 3/3
   822 | D:2      | Reached skill level 6 in Polearms
  1185 | D:2      | Reached XP level 4. HP: 33/33 MP: 4/4
  1570 | D:2      | Identified a potion of resistance
  1845 | D:3      | Found a glowing drain.
  1865 | Sewer    | Entered a sewer
  1879 | Sewer    | Reached skill level 7 in Polearms
  1937 | Sewer    | Noticed a kobold brigand
  1954 | Sewer    | Killed a kobold brigand
  1955 | Sewer    | Reached XP level 5. HP: 30/38 MP: 5/5
  2026 | Sewer    | Reached skill level 8 in Polearms
  2176 | Sewer    | Noticed a kobold brigand
  2208 | Sewer    | Killed a kobold brigand
  2209 | Sewer    | Reached XP level 6. HP: 32/44 MP: 6/6
  2315 | D:3      | Reached skill level 9 in Polearms
  2476 | D:3      | Noticed Grinder
  2490 | D:3      | Killed Grinder
  2491 | D:3      | Reached skill level 10 in Polearms
  2491 | D:3      | Reached XP level 7. HP: 28/50 MP: 7/7
  2671 | D:3      | Got the Almanac of Singed Translocation
  3204 | D:4      | Found a large runed translucent door.
  3206 | D:4      | Found a large runed translucent door.
  3207 | D:4      | Noticed olddryhag's ghost (novice OpTm)
  3537 | D:5      | Entered Level 5 of the Dungeon
  3591 | D:5      | Reached skill level 11 in Polearms
  3860 | D:5      | Identified the ring "Nabyuh" {Int+2 Dex+3 Slay+4}
  3890 | D:5      | Reached skill level 5 in Dodging
  4189 | D:5      | Reached XP level 8. HP: 26/56 MP: 8/8
  4387 | D:5      | Found Coumat's Magic Scroll Boutique.
  4395 | D:5      | Bought a scroll of identify for 22 gold pieces
  4395 | D:5      | Bought a scroll of identify for 22 gold pieces
  4395 | D:5      | Bought a scroll of identify for 22 gold pieces
  4395 | D:5      | Bought a scroll of fog for 44 gold pieces
  4445 | D:5      | Reached skill level 6 in Dodging
  4463 | D:5      | Identified a scroll of acquirement
  4463 | D:5      | Acquired 633 gold pieces
  4805 | D:6      | Reached skill level 12 in Polearms
  4932 | D:6      | HP: 1/56 [orc warrior/+0 mace (15)]
  5111 | D:5      | Reached skill level 7 in Dodging
  5359 | D:6      | Reached skill level 8 in Dodging
  5411 | D:6      | Reached skill level 13 in Polearms
  5411 | D:6      | Reached XP level 9. HP: 61/61 MP: 9/9
  5691 | D:6      | Reached skill level 9 in Dodging
  5843 | D:6      | Found an ornate altar of the Wu Jian Council.
  5872 | D:7      | Found a white marble altar of Elyvilon.
  5973 | D:7      | Found a staircase to the Ecumenical Temple.
  6043 | D:7      | Reached skill level 14 in Polearms
  6043 | D:7      | Reached skill level 10 in Dodging
  6052 | D:7      | HP: 5/61 [centaur warrior zombie (10)]
  6057 | D:7      | Reached skill level 11 in Dodging
  6248 | Temple   | Entered the Ecumenical Temple
  6315 | Temple   | Became a worshipper of the Shining One
  6331 | D:7      | Noticed a hellwing
  6332 | D:7      | Noticed a hellwing
  6346 | D:7      | Reached skill level 12 in Dodging
  6346 | D:7      | Reached XP level 10. HP: 59/67 MP: 10/10
  6355 | D:7      | Reached skill level 13 in Dodging
  6369 | D:7      | Reached * piety under the Shining One
  6370 | D:7      | Reached skill level 14 in Dodging
  7297 | D:7      | Reached skill level 15 in Dodging
  7478 | D:7      | Identified the +0 plate armour of the Fiddle {rN+ Dex+2}
  7609 | D:8      | Found a basalt altar of Yredelemnul.
  7609 | D:8      | Found an iron altar of Okawaru.
  7617 | D:8      | Found a burning altar of Makhleb.
  7619 | D:8      | Found a shimmering blue altar of Sif Muna.
  7621 | D:8      | Found a hide-covered altar of Uskayaw.
  8035 | D:8      | Found the necklace of Bloodlust {*Rage Will++ Int-3 Slay+6}
  8235 | D:8      | Reached skill level 3 in Fighting
  8474 | D:8      | Found a blossoming altar of Fedhas.
  8692 | D:9      | Noticed a manticore
  8706 | D:9      | Killed a manticore
  8707 | D:9      | Reached skill level 4 in Fighting
  8746 | D:9      | Found a staircase to the Orcish Mines.
  8746 | D:9      | Found Heeh's Armour Boutique.
  8799 | D:9      | Found a flagged portal.
  8811 | Bailey   | Entered a bailey
  8844 | Bailey   | Noticed an orc warlord
  8895 | Bailey   | Reached XP level 11. HP: 78/78 MP: 11/11
  8919 | Bailey   | Found a runed translucent gate.
  8921 | Bailey   | Found a runed translucent gate.
  8932 | Bailey   | Found a runed translucent gate.
  9159 | Bailey   | Reached skill level 5 in Fighting
  9238 | Bailey   | Killed an orc warlord
  9239 | Bailey   | Reached skill level 15 in Polearms
  9261 | Bailey   | Reached skill level 11 in Fighting
  9261 | Bailey   | Reached XP level 12. HP: 100/100 MP: 12/12
  9503 | D:9      | Acquired an amulet of faith
 10020 | D:9      | Found a stormy altar of Qazlal.
 10184 | D:10     | Entered Level 10 of the Dungeon
 10390 | D:10     | Reached skill level 16 in Polearms
 10474 | D:10     | Reached ** piety under the Shining One
 10609 | D:10     | Noticed Urug
 10618 | D:10     | Killed Urug
 10792 | D:11     | Noticed a tengu warrior
 10807 | D:11     | Killed a tengu warrior
 10816 | D:11     | Reached skill level 17 in Polearms
 10929 | D:11     | Found a portal to a secret trove of treasure.
 11162 | D:11     | Reached skill level 18 in Polearms
 11291 | D:11     | Found a staircase to the Lair.
 11698 | Lair:1   | Entered Level 1 of the Lair of Beasts
 12020 | Lair:1   | Reached XP level 13. HP: 97/106 MP: 13/13
 12104 | Lair:1   | Reached skill level 19 in Polearms
 12554 | Lair:1   | Reached skill level 20 in Polearms
 13168 | Lair:2   | Reached *** piety under the Shining One
 13408 | Lair:2   | Reached skill level 21 in Polearms
 14041 | Lair:3   | Reached skill level 22 in Polearms
 14210 | Lair:3   | Found a hole to the Spider Nest.
 14327 | Lair:3   | Reached XP level 14. HP: 88/113 MP: 14/14
 14500 | Lair:3   | Found a staircase to the Shoals.
 14556 | Lair:3   | Reached **** piety under the Shining One
 14558 | Lair:3   | Reached skill level 23 in Polearms
 15484 | Lair:4   | Reached skill level 24 in Polearms
 15511 | Lair:4   | Reached skill level 1 in Invocations
 15609 | Lair:4   | Reached skill level 1 in Armour
 15610 | Lair:4   | Identified the +7 short sword of the Shrieking God {elec,
                  | Int+2 Dex+4}
 15778 | Lair:4   | Reached skill level 2 in Invocations
 16069 | Lair:5   | Entered Level 5 of the Lair of Beasts
 16105 | Lair:5   | Found a viscous altar of Jiyva.
 16120 | Lair:5   | Reached skill level 2 in Armour
 16120 | Lair:5   | Reached skill level 3 in Invocations
 16193 | Lair:5   | Reached skill level 4 in Invocations
 16381 | Lair:5   | Reached skill level 3 in Armour
 16610 | Lair:5   | Reached skill level 5 in Invocations
 17030 | Lair:5   | Reached skill level 4 in Armour
 17072 | Lair:5   | Reached skill level 6 in Invocations
 17098 | Lair:5   | Reached ***** piety under the Shining One
 17342 | Lair:5   | Found a staircase to the Slime Pits.
 17469 | Lair:5   | Reached XP level 15. HP: 120/120 MP: 18/20
 18137 | D:12     | Noticed Harold
 18147 | D:12     | Killed Harold
 18148 | D:12     | Reached skill level 7 in Invocations
 18160 | D:12     | Reached skill level 12 in Fighting
 18162 | D:12     | Noticed Joseph
 18189 | D:12     | Killed Joseph
 18848 | D:13     | Reached skill level 8 in Invocations
 18928 | D:13     | Identified a scarf of resistance
 19193 | D:13     | Noticed Nessos
 19196 | D:13     | Killed Nessos
 19235 | D:13     | Noticed Sonja
 19242 | D:13     | Killed Sonja
 19389 | D:13     | Reached skill level 13 in Fighting
 19389 | D:13     | Reached skill level 9 in Invocations
 19549 | D:13     | Found a gate to the Vaults.
 19702 | D:14     | Found a gate leading to a gauntlet.
 19707 | Gauntlet | Entered a Gauntlet
 19707 | Gauntlet | Found a transporter.
 19707 | Gauntlet | Found a transporter.
 19798 | Gauntlet | Found a transporter.
 19806 | Gauntlet | Found a transporter.
 19810 | Gauntlet | Found a transporter.
 19816 | Gauntlet | Found a runed translucent gate.
 19818 | Gauntlet | Found a transporter.
 19819 | Gauntlet | Found a runed translucent gate.
 19819 | Gauntlet | Found a runed translucent gate.
 19837 | Gauntlet | Found a transporter.
 19854 | Gauntlet | Found a transporter.
 19858 | Gauntlet | Found a transporter.
 19870 | Gauntlet | Found a transporter.
 19871 | Gauntlet | Found a transporter.
 19898 | Gauntlet | Found a transporter.
 20072 | Gauntlet | Identified the ring "Hyegh" {*Slow rElec MP+9 Int-5 SInv}
 20291 | D:14     | Paralysed by an ogre mage for 3 turns
 20329 | D:14     | Reached skill level 10 in Invocations
 20391 | D:14     | Reached ****** piety under the Shining One
 20504 | D:14     | Found a shadowy altar of Dithmenos.
 20510 | D:14     | Noticed Josephine
 20532 | D:14     | Noticed Snorg
 20539 | D:14     | Killed Snorg
 20543 | D:14     | Killed Josephine
 20652 | D:14     | Reached skill level 14 in Fighting
 21091 | D:14     | Identified the +0 pair of gloves of Jaxzoxaw {rF- rN+++
                  | Dex+4}
 21145 | D:14     | Found the +12 glaive of Prune {freeze}
 21154 | D:14     | Identified a +2 bardiche of holy wrath (a +0 bardiche of
                  | protection blessed by the Shining One)
 21154 | D:14     | Received a gift from the Shining One
 21210 | D:15     | Entered Level 15 of the Dungeon
 21288 | D:15     | Reached skill level 11 in Invocations
 21296 | D:15     | Reached XP level 16. HP: 122/134 MP: 24/24
 22179 | D:15     | Reached skill level 15 in Fighting
 22293 | D:15     | Reached skill level 12 in Invocations
 22627 | D:15     | Found a staircase to the Depths.
 22886 | Shoals:1 | Entered Level 1 of the Shoals
 23036 | Shoals:1 | Found Moloticw's Distillery.
 23046 | Shoals:1 | Bought a potion of heal wounds for 80 gold pieces
 23046 | Shoals:1 | Bought a potion of heal wounds for 80 gold pieces
 23046 | Shoals:1 | Bought a potion of curing for 48 gold pieces
 23359 | Shoals:1 | Found Gitevoc's Jewellery Shoppe.
 23509 | Shoals:1 | Bought a +4 ring of slaying for 1248 gold pieces
 24129 | Shoals:2 | Reached skill level 13 in Invocations
 24283 | Shoals:2 | Reached skill level 16 in Fighting
 24514 | Shoals:2 | You fall into a shaft and drop 1 floor!
 25442 | Shoals:3 | Noticed a kraken
 25454 | Shoals:3 | Killed a kraken
 25648 | Shoals:3 | Reached skill level 14 in Invocations
 25652 | Shoals:3 | Reached XP level 17. HP: 112/146 MP: 27/27
 25658 | Shoals:3 | Noticed Polyphemus
 25684 | Shoals:3 | Killed Polyphemus
 25886 | Shoals:3 | Found Ydikod's Book Shoppe.
 25954 | Shoals:3 | Reached skill level 17 in Fighting
 26324 | Shoals:3 | Noticed a kraken
 26341 | Shoals:3 | Killed a kraken
 26810 | Orc:1    | Entered Level 1 of the Orcish Mines
 27240 | Orc:2    | Entered Level 2 of the Orcish Mines
 27399 | Orc:2    | Found a staircase to the Elven Halls.
 27452 | Orc:2    | Noticed Maurice
 27466 | Orc:2    | Killed Maurice
 27468 | Orc:2    | Reached skill level 15 in Invocations
 28022 | Orc:2    | Found Noech's Distillery.
 28022 | Orc:2    | Found Ceahoydu's Distillery.
 28023 | Orc:2    | Found Femniod's Antique Armour Shop.
 28023 | Orc:2    | Found Lare Tuo's Book Emporium.
 28027 | Orc:2    | Reached skill level 18 in Fighting
 28041 | Orc:2    | Bought fire dragon scales for 1560 gold pieces
 28257 | Orc:2    | Bought a potion of might for 68 gold pieces
 28257 | Orc:2    | Bought a potion of curing for 51 gold pieces
 28258 | Orc:2    | Bought a potion of haste for 130 gold pieces
 28258 | Orc:2    | Bought a potion of might for 52 gold pieces
 29082 | Shoals:4 | Entered Level 4 of the Shoals
 29099 | Shoals:4 | Reached skill level 5 in Armour
 29318 | Shoals:4 | Reached skill level 6 in Armour
 29728 | Shoals:4 | Found a runed translucent door.
 29816 | Shoals:4 | Reached skill level 7 in Armour
 29822 | Shoals:4 | Reached XP level 18. HP: 97/157 MP: 29/29
 30277 | Shoals:4 | Reached skill level 8 in Armour
 30946 | Shoals:4 | Got a barnacled rune of Zot
 31329 | Shoals:4 | Reached skill level 9 in Armour
 31343 | Shoals:4 | Identified the +1 plate armour of Qaevaang {+Blink Int+2}
 31696 | Vaults:1 | Entered Level 1 of the Vaults
 32332 | Vaults:1 | Reached skill level 10 in Armour
 32536 | Vaults:1 | Found Vuan's Armour Emporium.
 32701 | Vaults:1 | Noticed Aizul
 32714 | Vaults:1 | Killed Aizul
 32961 | Vaults:1 | Reached skill level 11 in Armour
 33857 | Vaults:2 | Reached XP level 19. HP: 90/163 MP: 23/30
 33898 | Vaults:2 | Found a flickering gateway to a bazaar.
 33903 | Bazaar   | Entered a bazaar
 33903 | Bazaar   | Found Bauro's Antique Armour Shoppe.
 34080 | Bazaar   | Found Toshrouq's Armour Shoppe.
 34085 | Bazaar   | Found Jozxac's Book Shop.
 34089 | Bazaar   | Found Daiz's Book Boutique.
 34100 | Bazaar   | Found Asadghof's General Store.
 34155 | Vaults:2 | HP: 2/163 [ironbound thunderhulk/bolt of lightning (50)]
 34171 | Vaults:2 | Reached skill level 12 in Armour
 34177 | Vaults:2 | Killed from afar by an ironbound thunderhulk

Vanquished Creatures
  Polyphemus (Shoals:3)
  A frost giant (Shoals:4)
  Aizul (Vaults:1)
  A vault warden (Vaults:2)
  6 ironbound preservers
  2 orc warlords
  A war gargoyle (Vaults:1)
  Nessos (D:13)
  3 dire elephants (Vaults:1)
  Snorg (D:14)
  A crystal guardian (Vaults:1)
  Josephine (D:14)
  10 merfolk impalers
  4 merfolk javelineers
  2 great orbs of eyes
  2 vault guards
  7 ogre magi
  A rakshasa (D:15)
  4 hydras
  An ice dragon (D:14)
  A peacekeeper (Vaults:1)
  4 merfolk aquamancers (Shoals:4)
  Harold (D:12)
  2 ironbound frosthearts
  5 merfolk avatars
  2 satyrs
  21 two-headed ogres
  3 alligator snapping turtles
  A catoblepas (Shoals:3)
  5 boulder beetles
  7 death yaks
  13 centaur warriors
  2 tengu warriors
  Sonja (D:13)
  A wretched star (Gauntlet)
  Urug (D:10)
  A hell knight (Vaults:2)
  An iron troll (D:13)
  16 deep trolls
  10 sea snakes
  3 lindwurms (Vaults:1)
  A glowing orange brain (D:15)
  5 wizards
  2 ironbound convokers (Vaults:1)
  2 deep elf zephyrmancers (D:14)
  25 harpies
  3 orc knights (D:12)
  A wolf spider zombie (D:7)
  20 manticores
  4 deep elf pyromancers
  An orc sorcerer (Orc:2)
  10 fauns
  7 ugly things
  5 cyclopes
  Joseph (D:12)
  9 elephants
  A centaur zombie (D:7)
  5 black mambas
  11 water nymphs
  A gargoyle (D:11)
  7 merfolk sirens
  5 vault sentinels
  2 centaur skeletons (D:7)
  14 cane toads
  2 rime drakes
  2 kobold demonologists (D:14)
  An unseen horror (D:13)
  An unseen horror (shapeshifter) (D:13)
  3 freezing wraiths
  A yaktaur (Vaults:2)
  An efreet (D:15)
  2 tengu conjurers
  2 hellwings (D:7)
  9 komodo dragons
  8 polar bears (Lair:5)
  5 hornets (Lair:5)
  38 merfolk
  Grinder (D:3)
  A wind drake (shapeshifter) (D:15)
  9 trolls
  31 blink frogs
  23 slime creatures
  12 dream sheep
  A harpy skeleton (D:7)
  7 snapping turtles
  10 wind drakes
  16 spriggans (Lair:5)
  2 shadows (D:11)
  2 culicivoras (Lair:3)
  8 wraiths
  48 yaks
  5 wyverns
  5 basilisks
  A vampire (D:13)
  11 water elementals
  A human (shapeshifter) (D:13)
  A steam dragon (D:8)
  12 vampire mosquitoes
  3 wargs
  2 swamp worms (Gauntlet)
  5 acid dragons
  7 water moccasins
  A small abomination (Gauntlet)
  24 orc warriors
  An ice beast (D:6)
  3 black bears
  31 ogres
  29 wolves
  3 boggarts (Lair:5)
  19 centaurs
  2 phantoms
  5 kobold brigands
  11 bullfrogs
  A gnoll sergeant (D:7)
  2 necrophages
  2 scorpions
  3 wights (D:7)
  3 killer bees (D:10)
  7 howler monkeys
  2 electric eels
  5 hounds
  17 orc priests
  2 iguanas
  19 orc wizards
  8 gnolls
  6 adders
  2 river rats (Sewer)
  4 shadow imps (D:7)
  3 white imps
  3 dart slugs
  72 orcs
  5 ball pythons
  8 endoplasms
  5 giant cockroaches
  14 goblins
  6 hobgoblins
  38 kobolds
  12 quokkas
  6 bats
  3 frilled lizards (D:1)
  13 rats
  6 tentacles (Shoals:3)
999 creatures vanquished.

Vanquished Creatures (collateral kills)
  2 krakens (Shoals:3)
  A vault warden (Vaults:2)
  A minotaur (Gauntlet)
  A merfolk impaler (Shoals:4)
  A yaktaur captain (Vaults:1)
  A merfolk avatar (Shoals:4)
  4 centaur warriors
  3 deep trolls (Vaults:1)
  An ironbound convoker (Vaults:1)
  A manticore (Shoals:4)
  Maurice (Orc:2)
  A centaur zombie (D:7)
  A centaur skeleton (D:7)
  2 yaktaurs (Vaults:2)
  A neqoxec (Gauntlet)
  2 orc warriors (Orc:2)
  3 orcs (Orc:2)
  A butterfly (D:7)
28 creatures vanquished.

Vanquished Creatures (others)
  A warg (Orc:2)
  2 demonic plants (Gauntlet)
  32 fungi
  127 plants
  11 tentacles (Shoals:3)
  4 withered plants (D:7)
177 creatures vanquished.

Grand Total: 1204 creatures vanquished

Table legend: (Time is in decaauts)
 A = Elapsed time spent in this place.
 B = Non-inter-level travel time spent in this place.
 C = Inter-level travel time spent in this place.
 D = Time resting spent in this place.
 E = Time spent auto-exploring this place.
 F = Levels seen in this place.
 G = Mean time per level.
                   A        B        C        D        E       F      G
               +--------+--------+--------+--------+--------+-----+--------+
         Total |  32514 |  30248 |   2266 |   4466 |  20019 |  33 |  985.3 |
       Dungeon |  15864 |  14621 |   1243 |   2648 |   9457 |  15 | 1057.6 |
        Temple |     76 |     67 |      9 |      0 |     40 |   1 |   76.0 |
          Lair |   6074 |   5534 |    540 |    456 |   4041 |   5 | 1214.8 |
        Shoals |   5639 |   5390 |    249 |    469 |   3990 |   4 | 1409.8 |
  Orcish Mines |   1543 |   1354 |    189 |    129 |    925 |   2 |  771.5 |
        Vaults |   1841 |   1808 |     33 |    517 |    887 |   2 |  920.5 |
        Bazaar |    230 |    230 |      0 |      0 |    200 |   1 |  230.0 |
         Sewer |    375 |    375 |      0 |      2 |    231 |   1 |  375.0 |
        Bailey |    507 |    507 |      0 |    162 |     94 |   1 |  507.0 |
      Gauntlet |    360 |    360 |      0 |     80 |    152 |   1 |  360.0 |
               +--------+--------+--------+--------+--------+-----+--------+

Top non-repeatable levels by time:
Shoals:4: 2021 daAuts
Vaults:1: 1714 daAuts
     D:7: 1596 daAuts
Shoals:3: 1442 daAuts
  Lair:1: 1433 daAuts
    D:15: 1413 daAuts
  Lair:5: 1412 daAuts
    D:11: 1406 daAuts
     D:5: 1357 daAuts
  Lair:3: 1289 daAuts
    D:13: 1232 daAuts
    D:14: 1168 daAuts
Shoals:1: 1103 daAuts
Shoals:2: 1071 daAuts
   Orc:2: 1062 daAuts

Table legend:
 A = Non-vault XP
 B = Vault XP
 C = Vault XP percentage of total XP
 D = Non-vault monster count
 E = Vault monster count
 F = Vault count percentage of total count
                 A         B        C        D         E       F
            +---------+---------+-------+---------+---------+-------
      Total |  206381 |  110207 |  34.8 |     709 |     312 |  30.6
            +---------+---------+-------+---------+---------+-------
        D:1 |      33 |       0 |   0.0 |      23 |       0 |   0.0
        D:2 |      61 |       0 |   0.0 |      20 |       0 |   0.0
        D:3 |      70 |     298 |  81.0 |      13 |       7 |  35.0
        D:4 |     183 |       0 |   0.0 |      17 |       0 |   0.0
        D:5 |     654 |       0 |   0.0 |      19 |       0 |   0.0
        D:6 |    1059 |     211 |  16.6 |      18 |      11 |  37.9
        D:7 |     835 |    3740 |  81.7 |      18 |      13 |  41.9
        D:8 |    1113 |       0 |   0.0 |       8 |       0 |   0.0
        D:9 |    2531 |     155 |   5.8 |      14 |      11 |  44.0
       D:10 |    1512 |     782 |  34.1 |      18 |       1 |   5.3
       D:11 |    4409 |    1286 |  22.6 |      21 |       5 |  19.2
       D:12 |    1895 |    3830 |  66.9 |      12 |       6 |  33.3
       D:13 |   10584 |    4357 |  29.2 |      24 |       7 |  22.6
       D:14 |    7854 |    9112 |  53.7 |      20 |      17 |  45.9
       D:15 |   17007 |    4367 |  20.4 |      28 |       8 |  22.2
     Lair:1 |    6983 |       0 |   0.0 |      19 |       0 |   0.0
     Lair:2 |    8509 |    1481 |  14.8 |      38 |       3 |   7.3
     Lair:3 |   12655 |     798 |   5.9 |      43 |       5 |  10.4
     Lair:4 |    7382 |       0 |   0.0 |      26 |       0 |   0.0
     Lair:5 |    7073 |   10857 |  60.6 |      26 |      51 |  66.2
   Shoals:1 |   14810 |       0 |   0.0 |      33 |       0 |   0.0
   Shoals:2 |   14962 |       0 |   0.0 |      28 |       0 |   0.0
   Shoals:3 |   13879 |   10772 |  43.7 |      23 |      13 |  36.1
   Shoals:4 |   22648 |   22368 |  49.7 |      46 |      43 |  48.3
      Orc:1 |    1614 |       0 |   0.0 |      32 |       0 |   0.0
      Orc:2 |    5695 |   17102 |  75.0 |      66 |      39 |  37.1
   Vaults:1 |   27037 |    9415 |  25.8 |      38 |      13 |  25.5
   Vaults:2 |   13334 |    4880 |  26.8 |      18 |       6 |  25.0
      Sewer |       0 |     256 | 100.0 |       0 |      20 | 100.0
     Bailey |       0 |    1723 | 100.0 |       0 |      27 | 100.0
   Gauntlet |       0 |    2417 | 100.0 |       0 |       6 | 100.0
            +---------+---------+-------+---------+---------+-------
